 Dungeon Crawl Stone Soup version 0.29-a0-275-g389c0b56f3 (webtiles) character file.

Game seed: 4476607551202455059

331 dr0g0th the Cudgeller (level 6, 0/38 HPs)
             Began as a Gargoyle Fighter on Mar 9, 2022.
             Slain by a gnoll
             ... wielding a +0 halberd of freezing
              (7 damage)
             ... on level 3 of the Dungeon.
             The game lasted 00:05:00 (3852 turns).

dr0g0th the Cudgeller (Gargoyle Fighter)            Turns: 3852, Time: 00:05:00

Health: 0/38       AC: 14    Str: 20    XL:     6   Next: 51%
Magic:  6/6        EV:  9    Int:  8    God:
Gold:   281        SH:  5    Dex: 15    Spells: 5/5 levels left

rFire   + . .      SeeInvis .   a - +0 flail
rCold   + . .      Faith    .   c - +0 buckler
rNeg    + . .      Spirit   .   o - +1 scale mail {rF+}
rPois   ∞          Reflect  .   (helmet restricted)
rElec   +          Harm     .   (no cloak)
rCorr   .          Rampage  .   l - +1 pair of gloves
Will    .....                   (no boots)
Stlth   ..........              (no amulet)
HPRegen 0.12/turn               i - +6 ring of dexterity
MPRegen 0.10/turn               (no ring)

@: brilliant
A: sickness immunity, AC +4, negative energy resistance 1, electricity
resistance, torment resistance 1, petrification resistance, horns 1, cold
resistance 1, weak 1
a: no special abilities


You were on level 3 of the Dungeon.
You visited 1 branch of the dungeon, and saw 3 of its levels.

You collected 281 gold pieces.

Inventory:

Hand Weapons
 a - a +0 flail (weapon)
Armour
 c - a +0 buckler (worn)
 l - a +1 pair of gloves (worn)
 o - a +1 scale mail of fire resistance (worn)
Jewellery
 i - a +6 ring of dexterity (left hand)
 m - a +6 ring of strength
Scrolls
 f - 3 scrolls of teleportation {unknown}
 g - a scroll of vulnerability {unknown}
 k - a scroll of identify
 n - a scroll of blinking {unknown}
Potions
 e - 4 potions of curing


   Skills:
 + Level 4.1 Fighting
 + Level 4.7 Maces & Flails
 + Level 4.2 Armour
 + Level 0.8 Dodging
 + Level 0.8 Stealth
 + Level 4.4 Shields


You had 5 spell levels left.
You didn't know any spells.
Your spell library contained the following spells:

 Spells                   Type           Power      Damage    Failure   Level
 Stone Arrow              Conj/Erth      0%         3d7       99%         3
 Animate Armour           Summ/Erth      0%         N/A       100%        4
 Lehudib's Crystal Spear  Conj/Erth      0%         10d2      100%        8


Dungeon Overview and Level Annotations

Branches:
Dungeon (3/15)

Altars:

Shops:
D:2 *


Innate Abilities, Weirdness & Mutations

You are immune to sickness and miasma.
Your stone body is resilient. (AC +4)
You are immune to poison.
You resist negative energy. (rN+)
You are resistant to electric shocks. (rElec)
You are resistant to unholy torment.
You are immune to petrification.
You have a pair of small horns on your head.
Your flesh is cold resistant. (rC+)
You are weak. (Str -2)


Message History

You closely miss the gnoll. The gnoll hits you with a +0 spear!
You block the gnoll's attack.
You completely miss the gnoll. The gnoll completely misses you.
You block the gnoll's attack.
You hit the gnoll.
The gnoll is lightly wounded.
The gnoll hits you with a +0 spear.
The gnoll hits you with a +0 halberd of freezing!
* * * LOW HITPOINT WARNING * * *
The gnoll freezes you.
* * * LOW HITPOINT WARNING * * *
The gnoll hits you but does no damage.
You feel much better.
The gnoll hits you with a +0 halberd of freezing!
The gnoll freezes you. The gnoll hits you with a +0 spear.
* * * LOW HITPOINT WARNING * * *
Okay, then.
Okay, then.
You feel better.
The gnoll hits you with a +0 halberd of freezing!
* * * LOW HITPOINT WARNING * * *
The gnoll freezes you.
* * * LOW HITPOINT WARNING * * *
The gnoll hits you but does no damage.
It was a potion of mutation.
You feel extremely strange.
You feel weaker. A pair of horns grows on your head!
You feel resistant to cold.
The gnoll hits you with a +0 halberd of freezing.
* * * LOW HITPOINT WARNING * * *
The gnoll hits you but does no damage.
It was a potion of brilliance.
You feel clever all of a sudden. The gnoll barely misses you. x2
The gnoll barely misses you.
The gnoll hits you from afar with a +0 spear.
* * * LOW HITPOINT WARNING * * *
You see here a throwing net.
There is a stone staircase leading down here.
The gnoll hits you from afar with a +0 halberd of freezing!
You die...

###''###########################
≈≈.....≈≈≈≈≈≈≈≈≈≈≈≈≈≈≈≈≈≈≈≈≈≈≈≈##
≈≈....≈≈≈≈≈≈≈≈≈≈≈≈≈≈≈≈≈≈≈≈≈≈≈≈≈≈≈
≈≈....)≈≈≈≈≈≈≈≈≈≈≈≈≈≈≈≈≈≈≈≈≈≈≈≈≈≈
≈≈....≈..≈.≈≈.≈≈≈≈≈≈≈..≈.≈≈≈.≈≈≈≈
............................†....
.................................
.......#.......#..g.g..####.#.###
................@####.#####...##.
.#####...##.##.### #..g.g.......
..# #......##.# #..#########.
..## #..###.##.# ###..# #. )..#
#..###.##.# #....# #.
)#.###.........# #....# #.
.#..##.........# #....### #.
.#..##.........# #......# #.
.#...#.........####......# .


You could see 2 gnolls.

Vanquished Creatures
  A black bear (D:3)
  5 gnolls (D:3)
  5 adders
  A worm (D:3)
  A dart slug (D:1)
  3 orcs (D:3)
  11 endoplasms
  3 giant cockroaches
  20 hobgoblins
  4 jackals (D:1)
  3 quokkas
  4 ball pythons
  2 bats (D:1)
  3 frilled lizards
  33 goblins
  8 kobolds
  4 rats
111 creatures vanquished.

Vanquished Creatures (others)
  An orc wizard (D:3)
1 creature vanquished.

Grand Total: 112 creatures vanquished

Notes
Turn   | Place    | Note
-------+----------+-------------------------------------------
     0 | D:1      | dr0g0th the Gargoyle Fighter began the quest for the Orb.
     0 | D:1      | Reached XP level 1. HP: 14/14 MP: 1/1
   175 | D:1      | Reached XP level 2. HP: 19/19 MP: 2/2
   175 | D:1      | Found a faded altar of an unknown god.
   374 | D:1      | Reached XP level 3. HP: 23/23 MP: 3/3
  1266 | D:2      | Reached XP level 4. HP: 27/29 MP: 4/4
  1482 | D:2      | Found Baniho's Assorted Antiques.
  2190 | D:3      | Noticed a black bear
  2199 | D:3      | Killed a black bear
  2200 | D:3      | Reached XP level 5. HP: 16/33 MP: 5/5
  2774 | D:3      | Reached XP level 6. HP: 30/38 MP: 6/6
  3832 | D:3      | Gained mutation: You are weak. (Str -2) [potion of
                  | mutation]
  3832 | D:3      | Gained mutation: You have a pair of small horns on your
                  | head. [potion of mutation]
  3832 | D:3      | Gained mutation: Your flesh is cold resistant. (rC+)
                  | [potion of mutation]
  3852 | D:3      | Slain by a gnoll

Illustrated notes

Levels and vault maps discovered:
D:1:      minmay_arrival_widening_spiral_wide, layout_loops_ring,
          basic_ecumenical_altar
D:2:      layout_loops_corners, serial_shops, nicolae_shop_crystal,
          minmay_misc_feat_more_columns, kennysheep_cluttered_room
D:3:      minmay_goblin_kobold_castle, layout_basic, lightli_corner_chamber

Skill      XL: |  1  2  3  4 |
---------------+-------------+-----
Maces & Flails | 4 |  4.7
Fighting       | 4 |  4.1
Armour         | 4 |  4.2
Shields        | 4 |  4.4
Dodging        | |  0.8
Stealth        | |  0.8

Action                   |  1- 3 |  4- 6 || total
-------------------------+-------+-------++-------
Melee: Flail             |   116 |   242 ||   358
  Use: Scroll            |       |     4 ||     4
       Potion            |       |     5 ||     5
Armor: Scale mail        |    62 |   246 ||   308
Dodge: Dodged            |    66 |   215 ||   281
Block: Buckler           |    25 |   119 ||   144

Table legend: (Time is in decaauts)
 A = Elapsed time spent in this place.
 B = Non-inter-level travel time spent in this place.
 C = Inter-level travel time spent in this place.
 D = Time resting spent in this place.
 E = Time spent auto-exploring this place.
 F = Levels seen in this place.
 G = Mean time per level.
                   A        B        C        D        E       F      G
               +--------+--------+--------+--------+--------+-----+--------+
         Total |   3946 |   3859 |     87 |    878 |   2132 |   3 | 1315.3 |
       Dungeon |   3946 |   3859 |     87 |    878 |   2132 |   3 | 1315.3 |
               +--------+--------+--------+--------+--------+-----+--------+

Top non-repeatable levels by time:
     D:3: 1838 daAuts
     D:2: 1092 daAuts
     D:1: 1015 daAuts
